AoeStats
← Pielover757

African Clearing

510516918Analyzed
4v4 RM · 2d ago on Oct 1, 2026· 39m 24s· 8 players
Game mode
Random Map
Map size
Large (8 player)
Population
200
Speed
Normal
Resources
Standard
Victory
Conquest
Starting age
Dark Age
Ending age
Imperial Age
RankedLock teamsTeams togetherTeam positionsShared explorationLock speedFull tech treeHidden civsTurbo modeCheats
Victory
Defeat
🇭🇰 Georgians · Hong Kong SAR China
1892
+8
🇨🇳 Ethiopians · China
1838
+10
🇧🇪 Huns · Belgium
1709
+15
🇿🇦 Tatars · South Africa
1663
+17
🇨🇳 Bengalis · China
1806
-17
🇨🇳 Turks · China
1731
-14
🇭🇰 Berbers · Hong Kong SAR China
1706
-13
🇹🇼 Malay · Taiwan
1506
-6
< blank >
8:14 Loom
11:37 Feudal Age
14:48 Fletching
21:34 Castle Age
20:38 Double-Bit Axe
22:39 Bow Saw
22:37 Bodkin Arrow
Komi
8:00 Loom
12:00 Feudal Age
12:42 Double-Bit Axe
22:44 Castle Age
21:39 Fletching
21:57 Fishing Lines
23:48 Bow Saw
24:10 Gold Mining
24:49 Bodkin Arrow
25:41 Husbandry
28:21 Ballistics
28:39 Padded Archer Armor
28:57 Bloodlines
31:36 Horse Collar
32:29 Heavy Plow
33:08 Wheelbarrow
34:28 Hand Cart
37:06 Imperial Age
35:13 Scale Barding Armor
35:19 Forging
36:46 Marauders
37:10 Chain Barding Armor
37:25 Iron Casting
38:04 Bracer
39:32 Plate Barding Armor
Pielover757
6:37 Loom
13:46 Feudal Age
17:32 Castle Age
15:51 Town Watch
16:36 Double-Bit Axe
19:18 Bow Saw
25:44 Fletching
27:09 Bodkin Arrow
29:46 Horse Collar
35:34 Imperial Age
33:37 Scale Barding Armor
35:27 Forging
35:37 Gold Mining
36:01 Bloodlines
37:35 Husbandry
37:58 Chain Barding Armor
T
13:29 Feudal Age
14:05 Double-Bit Axe
14:35 Horse Collar
16:57 Castle Age
15:57 Loom
16:07 Stone Mining
17:59 Bow Saw
23:47 Gold Mining
25:31 Wheelbarrow
26:35 Heavy Plow
29:13 Husbandry
30:04 Hand Cart
30:07 Bloodlines
30:46 Scale Barding Armor
35:34 Imperial Age
33:25 Forging
34:19 Stone Shaft Mining
34:08 Chain Barding Armor
34:29 Svan Towers
34:48 Town Watch
36:23 Iron Casting
36:51 Plate Barding Armor
36:37 Conscription
36:33 Fletching
36:18 Elite Monaspa
38:24 Blast Furnace
37:20 Bodkin Arrow
37:57 Crop Rotation
38:03 Ballistics
37:24 Treadmill Crane
38:45 Chemistry
38:53 Hoardings
38:25 Aznauri Cavalry
ss839059
9:32 Loom
13:59 Feudal Age
18:55 Castle Age
III
9:58 Loom
10:54 Loom
12:51 Feudal Age
14:16 Double-Bit Axe
17:40 Castle Age
16:47 Stone Mining
17:04 Gold Mining
17:12 Gold Mining
17:54 Bloodlines
23:32 Wheelbarrow
23:47 Bow Saw
26:45 Horse Collar
29:07 Bow Saw
33:15 Imperial Age
30:56 Heavy Plow
31:26 Fletching
32:28 Gold Shaft Mining
32:15 Hand Cart
32:09 Bodkin Arrow
32:14 Padded Archer Armor
32:18 Husbandry
32:20 Padded Archer Armor
33:41 Leather Archer Armor
34:00 Bracer
35:02 Chemistry
34:24 Ballistics
35:32 Ring Archer Armor
35:34 Elite Ratha (Ranged)
38:30 Chemistry
38:24 Forging
kibou
5:14 Loom
13:18 Feudal Age
22:14 Scale Barding Armor
28:52 Castle Age
28:59 Fletching
幾花丹色™
12:38 Feudal Age
13:44 Double-Bit Axe
16:24 Castle Age
17:17 Bow Saw
19:08 Loom
20:14 Ballistics
20:13 Fletching
22:04 Forging
21:56 Bodkin Arrow
25:39 Padded Archer Armor
27:31 Horse Collar
28:39 Leather Archer Armor
29:18 Gold Mining
30:04 Wheelbarrow
29:51 Stone Mining
31:10 Husbandry
31:21 Bloodlines
36:07 Imperial Age
35:13 Hand Cart
36:24 Stone Shaft Mining
36:22 Thumb Ring
37:02 Kasbah
37:15 Bracer
39:26 Gold Shaft Mining
38:30 Elite Camel Archer
Connection lost

Rejoining the realm…

Still unreachable

The connection could not be restored.

Session expired

The server has moved on; the page needs a fresh start.